[Event "Croatian Championship 2022"]
[Site "Split"]
[Date "2022.11.29"]
[Round "1.1"]
[White "Bukal, Vladimir Jr."]
[Black "Martinovic, Sasa"]
[Result "0-1"]
[ECO "C00"]
[WhiteElo "2411"]
[BlackElo "2557"]
[Annotator "TA"]
[PlyCount "106"]
[EventDate "2022.11.29"]
[EventType "tourn"]
[EventCountry "CRO"]
[SourceTitle "playchess.com"]
[Source "ChessBase"]
[SourceQuality "1"]
[TimeControl "40/5400+30:1800+30"]

1. Nf3 Nf6 2. g3 d5 3. Bg2 c5 4. O-O e6 5. d3 Nc6 6. Nbd2 Be7 7. e4 O-O 8. Re1 Qc7 9. c3 b5 10. Qc2 Bb7 11. Nf1 {[%emt 0:03:55] [#] C00: French: Unusual White 2nd moves.} h6 $146 ({Predecessor:} 11... Rfd8 12. e5 Nd7 13. Bf4 a5 14. h4 a4 15. a3 h6 16. Ne3 Nb6 17. Ng4 Bf8 18. Qd2 Kh7 19. d4 Nd7 20. Bf1 c4 21. Be2 Ne7 22. Bd1 Nf5 23. Bc2 Ra6 24. Kg2 Qc8 25. Rh1 Kg8 {0-1 (25) Divya,D (2305)-Shuvalova,P (2454) Chess.com INT 2020}) 12. Bf4 e5 {[%emt 0:02:29] White must now prevent ...dxe4.} 13. Bd2 {[%emt 0:05:37] Black has an edge.} Rfd8 14. Nh4 d4 15. Nf5 Bf8 16. a4 bxa4 17. h3 dxc3 (17... Ba6 $17) 18. Bxc3 (18. bxc3 $11 c4 19. dxc4) 18... Ba6 $15 19. Rad1 Bb5 20. N1e3 Rac8 21. Nc4 Nd7 (21... Nd4 {keeps more tension.} 22. Qc1 Nd7 23. Nfe3 Nb6) 22. Nfe3 Nb4 (22... Nd4 $17 23. Qd2 Nb6) 23. Qe2 f6 (23... Re8 $5 ) 24. h4 Nb6 25. Bh3 Bd7 $36 {[%emt 0:00:20][%mdl 2048] Inhibits Be6+. Black has good play.} (25... Rb8 $5 ) 26. Bxd7 Qxd7 27. Rd2 Nc6 (27... Nxd3 28. Ba5 $16) 28. h5 {[%emt 0:00:20] [#]} (28. Qf1 $15) 28... Nd4 $1 $17 29. Bxd4 cxd4 30. Nxb6 axb6 31. Nf5 {[%emt 0:00:41][%mdl 8192] This move loses the game for White.} (31. Nd5 $17) 31... Bb4 $19 32. Red1 Bxd2 33. Rxd2 Kh7 34. Qg4 Qf7 35. f4 Rc5 36. fxe5 Rxe5 37. Kg2 Rd7 38. Qd1 b5 39. Qg4 Rc7 {[%emt 0:00:34] Against Rc2} 40. Kh3 b4 41. Kh4 Rc1 42. Rh2 {[%emt 0:00:20] Inhibits Rh1.} a3 43. bxa3 bxa3 {[%emt 0:00:26] Strongly threatening ...Rb5.} 44. Nd6 {[%emt 0:01:01] Against Rb5} Qe6 {[%emt 0:15:56] aiming for ...Qxg4+.} 45. Qg6+ Kg8 46. Nf5 {[%emt 0:00:56] [#]} Rxf5 $1 47. exf5 {[%emt 0:10:26][%mdl 4096] Endgame KQR-KQR} (47. Qxf5 Qxf5) 47... Qe3 (47... Qe5 $142 48. Kh3 Rc3) 48. Kh3 Kf8 ({Worse is} 48... Qxd3 49. Qe8+ Kh7 50. Qg6+ Kh8 51. Qe8+ Kh7 52. Qg6+ Kh8 53. Qe8+ Kh7 $11) 49. Qg4 Qxd3 {[%emt 0:03:25][%cal Oa3a2] ( -> ...a2!)} 50. Re2 {[%emt 0:08:36] Against a2} a2 {[%emt 0:02:42] Black mates.} 51. Qf4 Rh1+ ({But not} 51... a1=B 52. Qb8+ (52. Qxc1 Qxe2 53. Qxa1 Qxh5+ 54. Kg2 Qe2+ 55. Kh3 Qe4 $19) (52. Qxc1 $2 Qxe2 53. Qc8+ Kf7 $19)) 52. Rh2 Rxh2+ 53. Kxh2 Qe2+ {[%emt 0:00:06] Weighted Error Value: White=0.32/Black=0.17 (very precise)} 0-1

[Event "Croatian Championship 2022"]
[Site "Split"]
[Date "2022.11.29"]
[Round "1.2"]
[White "Bosiocic, Marin"]
[Black "Zelcic, Robert"]
[Result "1-0"]
[ECO "B10"]
[WhiteElo "2536"]
[BlackElo "2496"]
[Annotator "TA"]
[PlyCount "113"]
[EventDate "2022.11.29"]
[EventType "tourn"]
[EventCountry "CRO"]
[SourceTitle "playchess.com"]
[Source "ChessBase"]
[SourceQuality "1"]
[TimeControl "40/5400+30:1800+30"]

1. e4 c6 2. Nf3 d5 3. d3 dxe4 4. dxe4 Qxd1+ 5. Kxd1 Nf6 6. Nfd2 {[%emt 0:00:08] B10: Caro-Kann: 2 d3 and 2 c4.} e5 7. f3 $1 {[%emt 0:00:08] Prevents Ng4.} Be6 8. Bc4 {[%emt 0:00:08] [#] White is slightly better.} Kd7 $146 ({Predecessor:} 8... Bxc4 9. Nxc4 Nfd7 10. Be3 Na6 11. Nbd2 Bc5 12. Ke2 Ke7 13. a4 b6 14. Rhd1 h5 {1-0 (31) Gavrilescu,D (2476)-Baldauf,M (2503) Chess.com INT 2020}) 9. a4 a5 10. c3 (10. Ke2 $16) 10... Bd6 $14 11. Kc2 Rd8 12. Rd1 h6 13. Na3 (13. Bxe6+ {is interesting.} Kxe6 14. Nb3 Nbd7 15. Be3) 13... Ke7 14. Bxe6 Kxe6 15. Nb3 Nbd7 {[%emt 0:12:26][%cal Bb8d7,Bd7c5,Bc5b3][%mdl 32] Against Nc5+} 16. Nc4 {[%emt 0:00:06][%csl LRa5,LRd6] Against Nb6} Bc7 17. Be3 b5 (17... Rdb8 $14) 18. axb5 $16 {[%emt 0:07:10] White is much more active.} a4 {[%emt 0:00:18] Prevents b6.} 19. Nc5+ Nxc5 20. b6 $36 {[%emt 0:00:23][%mdl 2048] White has strong initiative. The board is on fire.} Bd6 21. Rxd6+ Rxd6 22. Nxd6 (22. Bxc5 Rd7 $14) 22... Kxd6 23. Rd1+ Nd5 24. c4 {[%emt 0:02:16][%mdl 64] Inhibits f5. Pin} (24. exd5 $6 cxd5 25. Bxc5+ Kxc5 $11) 24... Nb3 25. exd5 $18 {[%emt 0:00:50][%cal Oc4c5][%mdl 4096] Endgame KRB-KRN} c5 26. f4 $1 Nd4+ $2 (26... f6) 27. Kd3 f6 28. Bxd4 exd4 {[%emt 0:00:11] KR-KR} 29. Re1 {[%emt 0:04:32] Re6+ is the strong threat.} a3 30. b7 {[%emt 0:06:17] Inhibits h5.} (30. Re6+ Kd7 31. b7 Rb8 $18) 30... Rb8 31. bxa3 Rxb7 32. Kc2 {[%emt 0:00:09] Prevents Rb3.} Ra7 33. Kb3 (33. Re6+ $18 Kd7 34. Rc6) 33... Rb7+ $16 {[%emt 0:00:30] [#]} 34. Ka2 $1 Rb8 35. g4 Kd7 36. h4 ({White should try} 36. f5 $16) 36... g5 $11 37. hxg5 hxg5 38. fxg5 fxg5 39. Re5 Rf8 (39... d3 40. Re3 $16) 40. Rxg5 {[%emt 0:00:00] Strongly threatening Rf5.} Rf3 41. Rg7+ (41. a4 $5 Rc3 $8 42. a5 $11) 41... Kd6 42. Rg6+ Kd7 $1 43. Rc6 Rc3 $1 {[%emt 0:00:04] Hoping for ...d3.} 44. Rxc5 {[%emt 0:00:34] Black must now prevent Kb2.} d3 {[%emt 0:00:02] ( -> ...d2)} 45. d6 {[%emt 0:00:10] Inhibits d2.} (45. Kb2 d2 46. Kxc3 d1=Q $15) 45... Kxd6 (45... d2 $5 46. Rd5 $8 Rxc4 $11) 46. Rd5+ Kc6 $2 {[%emt 0:00:11] [#] This move loses the game for Black.} (46... Ke6 $14) 47. Rd8 $1 $18 {[%emt 0:01:39] aiming for g5.} (47. g5 Rxc4 48. Rd8 (48. Rxd3 Rg4 $11) 48... Rg4 $11) 47... Rc2+ 48. Kb3 Rg2 49. Rg8 ({Resist} 49. Rxd3 $6 Rxg4 50. a4 Rg7) 49... d2 $2 (49... Rc2 50. Rc8+ (50. Rd8 Rg2 $18) 50... Kb6) 50. Kc2 Kc5 (50... Kd7 $142 51. c5 Rg3 52. Kxd2 Rxa3) 51. g5 {[%emt 0:01:47] And now g6 would win. White is clearly winning.} Kd4 52. g6 Ke3 53. Rd8 Rxg6 54. Rd3+ (54. Rxd2 Ra6 55. Kc3 Rxa3+ 56. Kb4 Ra1) 54... Ke4 55. Rxd2 ({Less strong is} 55. Kxd2 Ra6 $16) 55... Ra6 56. Kb3 Rb6+ 57. Kc3 {[%emt 0:00:13] Weighted Error Value: White=0.17 (very precise) /Black=0.37} 1-0

[Event "Croatian Championship 2022"]
[Site "Split"]
[Date "2022.11.29"]
[Round "1.3"]
[White "Kozul, Zdenko"]
[Black "Saric, Ivan"]
[Result "1-0"]
[ECO "E11"]
[WhiteElo "2539"]
[BlackElo "2674"]
[Annotator "TA"]
[PlyCount "115"]
[EventDate "2022.11.29"]
[EventType "tourn"]
[EventCountry "CRO"]
[SourceTitle "playchess.com"]
[Source "ChessBase"]
[SourceQuality "1"]
[TimeControl "40/5400+30:1800+30"]

1. d4 Nf6 2. c4 e6 3. Nf3 d5 4. g3 Bb4+ 5. Bd2 a5 6. a3 Be7 {[%emt 0:01:30] E11: Bogo-Indian.} 7. Qc2 O-O 8. Bg2 c6 {[%emt 0:01:03] The position is equal.} 9. O-O b6 10. cxd5 cxd5 11. Nc3 Ba6 12. Rfc1 Nbd7 13. Bf1 {[%emt 0:08:33] [#]} h6 $146 ({Predecessor:} 13... b5 14. Na2 Ne4 15. e3 Nxd2 16. Qxd2 Qb6 17. Ne1 b4 18. axb4 Bxf1 19. Kxf1 axb4 {0-1 (29) Kozul,Z (2597)-Martinovic,S (2548) Tornelo INT 2021}) 14. e3 Bxf1 15. Kxf1 Qb8 16. Qd3 Rc8 17. Rc2 Qb7 (17... b5 $5) 18. Rac1 a4 (18... Rc4 $11) 19. Na2 (19. Kg2 $14 {feels stronger.}) 19... Rc4 20. Bb4 Bxb4 21. Nxb4 b5 22. Nd2 e5 23. Kg1 Rxc2 (23... Ne4 $1 $11) 24. Qxc2 $14 exd4 25. exd4 Re8 26. Qd3 (26. Kf1 $1 $16) 26... Ne4 $11 27. Nxe4 dxe4 28. Qe2 Nf6 29. Rc5 Qd7 30. Nc2 Rb8 31. Kg2 Qb7 32. Ne3 Qd7 33. d5 b4 (33... Ne8 $1 $11 {keeps the balance.}) 34. Qc4 $16 bxa3 35. bxa3 Re8 36. Ra5 Ng4 37. Qxa4 (37. Rxa4 $6 Nxe3+ 38. fxe3 Qf5 $11) 37... Nxe3+ 38. fxe3 Qf5 39. Qxe8+ $18 {[%emt 0:00:16][%mdl 4096] Endgame} Kh7 40. Kg1 {[%emt 0:00:00] Threatens to win with Ra7.} Qf3 41. Qb5 $1 {[%emt 0:08:01] aiming for Qf1.} (41. Ra8 Qd1+ 42. Kg2 Qf3+ 43. Kg1 Qxe3+ 44. Kf1 (44. Kg2 Qf3+ 45. Kg1 Qe3+ 46. Kh1 Qf3+ 47. Kg1 Qe3+ $11) 44... Qd3+ 45. Kg2 (45. Kg1 Qe3+ 46. Kf1 Qd3+ 47. Kg2 Qe2+ 48. Kg1 Qe3+ $11) 45... Qe2+ 46. Kg1 Qe3+ 47. Kh1 (47. Kg2 Qf3+ 48. Kg1 Qe3+ $11) 47... Qf3+ 48. Kg1 e3 49. Qh8+ Kg6 50. Ra6+ Kh5 $11) 41... Qxe3+ 42. Kf1 Qf3+ {[%emt 0:05:12] [#]} 43. Ke1 $1 {[%emt 0:00:08] d6 is the strong threat.} Qc3+ 44. Kd1 $2 (44. Ke2 $18 {is the precise move to win.}) 44... e3 $16 {[%emt 0:00:35][%csl Ge3][%cal Rc3d2] [#]} 45. Qe2 {[%emt 0:01:06] Hoping for Qc2+.} Qxa5 {[%emt 0:01:27] KQ-KQ} 46. Qd3+ (46. Qxe3 $6 Qxd5+ 47. Ke2 Qh5+ 48. Kf1 Qxh2 $11) 46... Kg8 47. Ke2 ({Much worse is} 47. Qxe3 $6 Qxd5+ 48. Ke2 Qh5+ 49. Kf1 Qf5+ 50. Kg2 Qc2+ 51. Kf3 Qc6+ 52. Kf2 Qf6+ 53. Kg2 Qb2+ 54. Kh3 Qb5 $11) 47... Kf8 ({Black should play} 47... Qb6 $14) 48. Kxe3 Qe1+ $2 {[%emt 0:00:40] [#]} (48... Qc5+ $16 {was called for.} 49. Kf3 g6) 49. Kd4 $1 $18 Qf2+ 50. Kc4 Ke7 $2 (50... Qa7 51. Qb3 Qa6+ 52. Kc5 Qc8+ 53. Kd4 Qg4+ 54. Kc3 Qc8+ 55. Qc4 Qe8) 51. a4 f5 52. a5 Qa2+ 53. Kb5 Kd6 54. Qc4 ({Inferior is} 54. Qxf5 Qb3+ 55. Ka6 Qc4+ 56. Kb6 Qc5+ 57. Kb7 (57. Ka6 Qc4+ 58. Kb7 Qc7+ 59. Ka6 Qc4+ $11) 57... Qc7+ 58. Ka6 Qc4+ 59. Kb6 Qc5+ 60. Kb7 (60. Ka6 Qc4+ $11) 60... Qc7+ 61. Ka6 Qc4+ $11) 54... Qxh2 55. a6 {[%emt 0:00:21] White mates.} Ke5 56. a7 Qb2+ 57. Kc6 Qa3 58. Qf4+ {[%emt 0:14:37] Weighted Error Value: White=0.23 (precise) /Black=0.28 (precise)} 1-0

[Event "Croatian Championship 2022"]
[Site "Split"]
[Date "2022.11.29"]
[Round "1.4"]
[White "Doric, Darko"]
[Black "Brkic, Ante"]
[Result "1/2-1/2"]
[ECO "D38"]
[WhiteElo "2446"]
[BlackElo "2610"]
[Annotator "TA"]
[PlyCount "87"]
[EventDate "2022.11.29"]
[EventType "tourn"]
[EventCountry "CRO"]
[SourceTitle "playchess.com"]
[Source "ChessBase"]
[SourceQuality "1"]
[TimeControl "40/5400+30:1800+30"]

1. d4 d5 2. c4 e6 3. Nc3 Nf6 4. cxd5 exd5 5. Bg5 Bb4 6. e3 h6 7. Bxf6 Qxf6 8. Qb3 Qd6 9. Nf3 Bf5 10. a3 Bxc3+ 11. Qxc3 (11. bxc3 $5 Nd7 12. c4 $11) 11... Nd7 {[%emt 0:02:18] D38: Queen's Gambit Declined: Ragozin Defence (4 Nf3 Bb4).} 12. Bd3 Bxd3 13. Qxd3 O-O 14. O-O a5 {[%emt 0:01:58] [#]} 15. a4 $146 ({Predecessor:} 15. Rfc1 c6 16. b4 axb4 17. axb4 Rxa1 18. Rxa1 Qxb4 19. Rb1 Qc4 20. Qxc4 dxc4 21. Rxb7 {0-1 (71) Valden,P (2223)-Atalik,E (2444) Chalkis 2010}) 15... c6 16. Qa3 Qc7 17. Ne1 Nf6 18. h3 Ne4 19. Nd3 Rfe8 20. Rad1 Re7 21. Qb3 Rae8 22. Qc2 Qc8 23. Rfe1 Qf5 24. Qe2 h5 25. Nf4 h4 26. Nd3 Re6 27. Ne5 Rxe5 (27... f6 $11 28. Nd3 g5) 28. dxe5 $14 Rxe5 (28... Qxe5 $14 29. Rc1 Re6) 29. Qc2 (29. f3 $142 $1 Nc5 30. Qd2) 29... Qe6 30. f3 {[%emt 0:04:22] Against b6} Ng3 31. Qd2 f5 {[%emt 0:04:15] [#]} (31... g6 $16) 32. Qxa5 $2 ({White should play} 32. Kf2 $1 $18) 32... Rxe3 $11 33. Qd8+ Kf7 34. Qc7+ Kg6 35. Rxe3 Qxe3+ {[%emt 0:00:02][%mdl 4096] Endgame KQR-KQN} 36. Kh2 Qe2 37. Rb1 Nf1+ 38. Kh1 Ne3 (38... Ng3+ $11 39. Kg1 (39. Kh2 Nf1+ 40. Kh1 Ng3+ 41. Kh2 $11) 39... Qc2) 39. Qd6+ (39. Rg1 $14) 39... Kh7 40. Rg1 {[%emt 0:00:00] Hoping for Qe7.} Qxb2 41. Qf4 Qf2 {[%emt 0:06:04] [#]} (41... d4 $1 $11 {and Black has nothing to worry.}) 42. Qg5 $2 ({White has to play} 42. Qd4 $1 $18) 42... d4 43. Qh5+ Kg8 44. Qe8+ {[%emt 0:00:40] Weighted Error Value: White=0.17 (very precise) /Black=0.19 (very precise)} 1/2-1/2

[Event "Croatian Championship 2022"]
[Site "Split"]
[Date "2022.11.29"]
[Round "1.5"]
[White "Saric, Ante"]
[Black "Kurajica, Bojan"]
[Result "1-0"]
[ECO "E16"]
[WhiteElo "2504"]
[BlackElo "2487"]
[Annotator "TA"]
[PlyCount "69"]
[EventDate "2022.11.29"]
[EventType "tourn"]
[EventCountry "CRO"]
[SourceTitle "playchess.com"]
[Source "ChessBase"]
[SourceQuality "1"]
[TimeControl "40/5400+30:1800+30"]

1. d4 Nf6 2. c4 e6 3. g3 Bb4+ 4. Bd2 Bxd2+ 5. Qxd2 O-O 6. Bg2 d5 7. Nf3 b6 8. cxd5 exd5 9. Nc3 Bb7 10. O-O Nc6 {[%emt 0:04:48] [#] E16: Queen's Indian: 4 g3 Bb7 5 Bg2 Bb4+.} 11. Ne5 $146 ({Predecessor:} 11. Rfd1 Re8 12. Qc2 Ne4 13. e3 Nxc3 14. Qxc3 Qd6 15. Rac1 Re7 16. Ne1 Nd8 17. Nd3 a5 18. h4 {1-0 (63) Pranav,A (2416)-Fernandez,M (2229) Sitges 2021}) 11... Ne7 12. Rac1 a6 {[%emt 0:03:20] White is slightly better.} 13. Rc2 Ra7 14. e3 {[%emt 0:13:21] White is much more active. The black rooks are badly placed.} Qd6 15. b3 Rd8 16. Rfc1 Bc8 17. Ne2 Bf5 {[%emt 0:08:37] [#]} 18. Rc6 Nxc6 19. Nxc6 Raa8 20. Nxd8 Rxd8 21. Qc3 Rc8 22. b4 c6 23. a4 g5 24. a5 $36 {[%emt 0:01:13][%mdl 2048] White is more active.} b5 25. Qc5 Qd8 (25... Qd7 $11) 26. Qa7 $16 Nd7 {[%emt 0:06:53] This costs Black the game.} (26... Ra8 $14 27. Qb7 Bd7) 27. Qxa6 $18 Bd3 (27... Nb8 $142 28. Qb6 Kg7) 28. Rxc6 Ra8 29. Qb7 Bxe2 30. Bxd5 Rb8 31. Qc7 Qxc7 32. Rxc7 Nf6 33. Bxf7+ Kf8 (33... Kh8 $142 34. e4 Bf3) 34. Be6 Ke8 35. Rf7 {[%emt 0:00:00] Weighted Error Value: White=0.04 (flawless) /Black=0.33} 1-0

[Event "Croatian Championship 2022"]
[Site "Split"]
[Date "2022.11.29"]
[Round "1.6"]
[White "Jovanovic, Zoran"]
[Black "Stevic, Hrvoje"]
[Result "1/2-1/2"]
[ECO "B10"]
[WhiteElo "2513"]
[BlackElo "2543"]
[Annotator "TA"]
[PlyCount "44"]
[EventDate "2022.11.29"]
[EventType "tourn"]
[EventCountry "CRO"]
[SourceTitle "playchess.com"]
[Source "ChessBase"]
[SourceQuality "1"]
[TimeControl "40/5400+30:1800+30"]

1. e4 c6 2. d3 d5 3. Nf3 dxe4 4. dxe4 Qxd1+ 5. Kxd1 Nd7 {[%emt 0:00:11] The position is equal.} 6. Nbd2 {[%emt 0:00:10] B10: Caro-Kann: 2 d3 and 2 c4.} e5 7. Bc4 f6 8. a4 {[%emt 0:00:09] [#] Inhibits b5.} Nc5 $146 ({Predecessor:} 8... Nh6 9. h3 Nf7 10. c3 Nd6 11. Bd3 Nc5 12. Bc2 a5 13. Re1 Be6 14. b3 O-O-O {½-½ (70) Vasquez Schroder,R (2506)-Solovchuk,A (2303) Chess.com INT 2022}) 9. Ke2 a5 10. Ne1 Nh6 11. Nd3 Nf7 12. Nxc5 Bxc5 13. Nb3 Bb6 14. Rd1 {[%emt 0:00:03] Inhibits Nd6.} Ke7 15. Bxf7 (15. f3 {keeps more tension.} g6 16. Nd2 Rd8 17. Ba2) 15... Kxf7 16. Be3 Bxe3 17. Kxe3 Ke7 {[%emt 0:00:02] Prevents Rd6.} 18. Rd2 b6 19. Rad1 Be6 20. Nc1 Rhd8 21. Rxd8 Rxd8 22. Rxd8 Kxd8 {[%emt 0:00:06] Not much happened in this game.   Weighted Error Value: White=0.06 (flawless) /Black=0.05 (flawless)} 1/2-1/2

[Event "Croatian Championship 2022"]
[Site "Split"]
[Date "2022.11.30"]
[Round "2.1"]
[White "Martinovic, Sasa"]
[Black "Stevic, Hrvoje"]
[Result "1/2-1/2"]
[ECO "D27"]
[WhiteElo "2557"]
[BlackElo "2543"]
[Annotator "TA"]
[PlyCount "47"]
[EventDate "2022.11.29"]
[EventType "tourn"]
[EventCountry "CRO"]
[SourceTitle "playchess.com"]
[Source "ChessBase"]
[SourceQuality "1"]
[TimeControl "40/5400+30:1800+30"]

1. d4 {[%emt 0:01:25] Rogozenco,Dorian} d5 2. c4 dxc4 3. Nf3 Nf6 4. e3 e6 5. Bxc4 c5 6. O-O a6 7. Bd3 Nbd7 8. Re1 {[%emt 0:00:11] 8.e4 is the modern continuation.} b5 9. a4 {[%emt 0:00:22] D27: Queen's Gambit Accepted: Classical main line: 7 e4!? and 7 a4.} bxa4 10. Rxa4 cxd4 11. Rxd4 {[%emt 0:00:22] [#] The position is equal.} Bc5 $146 ({Predecessor:} 11... Bb7 12. Nc3 Bc5 13. Rh4 Be7 14. Qe2 Nd5 15. Rh3 Nxc3 16. bxc3 Qc7 17. e4 Nc5 {½-½ (30) Radjabov,T (2740)-Nisipeanu,L (2672) Medias 2010 CBM 137 [Rogozenco,Dorian]}) 12. Rh4 Bb7 13. b3 Bxf3 14. gxf3 Ne5 15. Be2 O-O 16. Qxd8 Rfxd8 17. Ra4 Rab8 18. Bb2 Nd3 19. Bxf6 gxf6 ({Don't play} 19... Nxe1 20. Bxd8 Rxd8 21. Rxa6 $14) 20. Rd1 Rxb3 21. Rxa6 Kg7 22. Bxd3 Rbxd3 23. Rxd3 Rxd3 24. Kg2 $1 {[%emt 0:00:03] An interesting draw.   Weighted Error Value: White=0.01 (flawless) /Black=0.00 (flawless)} 1/2-1/2

[Event "Croatian Championship 2022"]
[Site "Split"]
[Date "2022.11.30"]
[Round "2.2"]
[White "Kurajica, Bojan"]
[Black "Jovanovic, Zoran"]
[Result "1/2-1/2"]
[ECO "B07"]
[WhiteElo "2487"]
[BlackElo "2513"]
[Annotator "TA"]
[PlyCount "28"]
[EventDate "2022.11.29"]
[EventType "tourn"]
[EventCountry "CRO"]
[SourceTitle "playchess.com"]
[Source "ChessBase"]
[SourceQuality "1"]
[TimeControl "40/5400+30:1800+30"]

1. d4 d6 2. Nf3 g6 3. e4 Nf6 4. Bd3 Bg7 5. O-O O-O 6. Re1 Nc6 7. h3 e5 8. c3 h6 9. Be3 Nh5 {[%emt 0:10:25] B07: Pirc Defence: Miscellaneous Systems.} 10. Na3 {[%emt 0:07:15] was the old line (10.Nbd2).} a6 {[%emt 0:05:10] [#]} 11. Bf1 $146 ({Predecessor:} 11. Nc2 b6 12. a4 Qe8 13. b4 Kh8 14. b5 axb5 15. axb5 Na5 16. Nb4 Be6 17. dxe5 dxe5 {1-0 (90) Torre,E (2447)-Ly,M (2513) Baku 2016}) 11... Re8 {[%emt 0:07:35] The position is equal.} 12. Qd2 Kh7 13. dxe5 dxe5 14. Qxd8 Nxd8 {[%emt 0:00:39] Black took control after the opening.   Weighted Error Value: White=0.11 (very precise) /Black=0.04 (flawless)} 1/2-1/2

[Event "Croatian Championship 2022"]
[Site "Split"]
[Date "2022.11.30"]
[Round "2.3"]
[White "Brkic, Ante"]
[Black "Saric, Ante"]
[Result "1/2-1/2"]
[ECO "B49"]
[WhiteElo "2610"]
[BlackElo "2504"]
[Annotator "TA"]
[PlyCount "52"]
[EventDate "2022.11.29"]
[EventType "tourn"]
[EventCountry "CRO"]
[SourceTitle "playchess.com"]
[Source "ChessBase"]
[SourceQuality "1"]
[TimeControl "40/5400+30:1800+30"]

1. e4 c5 2. Nf3 Nc6 3. d4 cxd4 4. Nxd4 e6 5. Nc3 Qc7 6. Be3 a6 7. Be2 Nf6 8. O-O Bb4 9. Na4 Be7 10. Nxc6 bxc6 11. Nb6 Rb8 12. Nxc8 Qxc8 13. Bd4 c5 14. Be5 Rb6 15. Qd3 d6 {[%emt 0:00:04] B49: Sicilian: Taimanov: 5 Nc3 Qc7 6 Be3 a6 7 Be2.} 16. Bc3 O-O 17. b3 Qc6 18. e5 Nd5 {[%emt 0:00:02] The position is equal.} 19. Bf3 {[%emt 0:00:06] Prevents c4.} (19. exd6 {is interesting.} Bxd6 20. Bd2 Nf4 21. Bxf4 Bxf4 22. Rad1) 19... Qb5 {[%emt 0:00:02] [#] Strongly threatening ...Qxd3.} 20. Bxd5 {[%emt 0:00:08] A strong pair of Bishops.} Qxd3 21. cxd3 exd5 22. Rfe1 dxe5 23. Bxe5 {[%emt 0:00:07] [#]} Rb7 $146 ({Predecessor:} 23... Re6 24. Rac1 Re8 25. Bf4 Bf8 26. Rxe6 fxe6 27. Be3 Rc8 28. Kf1 Kf7 29. Ke2 Ke8 30. b4 c4 31. dxc4 Bxb4 32. cxd5 Rxc1 33. Bxc1 exd5 34. Bb2 g6 35. Bd4 {½-½ (35) Perske,T (2456)-Mihok,O (2541) Radenci 2019}) 24. Bc3 Bd6 25. Be5 Be7 26. Bc3 Bd6 {[%emt 0:00:03] Weighted Error Value: White=0.05 (flawless) /Black=0.00 (flawless)} 1/2-1/2

[Event "Croatian Championship 2022"]
[Site "Split"]
[Date "2022.11.30"]
[Round "2.4"]
[White "Saric, Ivan"]
[Black "Doric, Darko"]
[Result "1/2-1/2"]
[ECO "B45"]
[WhiteElo "2674"]
[BlackElo "2446"]
[Annotator "TA"]
[PlyCount "64"]
[EventDate "2022.11.29"]
[EventType "tourn"]
[EventCountry "CRO"]
[SourceTitle "playchess.com"]
[Source "ChessBase"]
[SourceQuality "1"]
[TimeControl "40/5400+30:1800+30"]

1. e4 c5 2. Nf3 e6 3. d4 cxd4 4. Nxd4 Nf6 5. Nc3 Nc6 6. Nxc6 bxc6 7. e5 Nd5 8. Ne4 Qc7 9. f4 Qb6 10. c4 Ne3 11. Qd3 Bb4+ 12. Bd2 {[%emt 0:00:23] B45: Sicilian Four Knights.} Ba6 13. b3 (13. Bxb4 {keeps more tension.} Qxb4+ 14. Kf2 Qxb2+ 15. Be2) 13... O-O 14. Bxb4 {[%emt 0:03:07] White is slightly better.} Qxb4+ 15. Kf2 Nd5 16. g3 f6 {[%emt 0:00:00] [#] White must now prevent ...Qb6+.} 17. Qd2 {[%emt 0:07:00] [#]} Qb6+ $146 ({Predecessor:} 17... fxe5 18. cxd5 Qxe4 19. Bxa6 exf4 20. g4 cxd5 21. Rae1 Qg6 22. Kf3 Rab8 23. Qd3 Qf6 {0-1 (41) Petr,M (2451)-Biolek,R (2434) Czech Republic 2008}) 18. c5 Qb4 19. Qxb4 Nxb4 20. exf6 gxf6 21. Bxa6 (21. a3 $5 Bxf1 22. axb4 $14) 21... Nxa6 22. Rac1 Nb4 23. Rhd1 {[%emt 0:00:12] Inhibits Nd3+.} (23. Rc4 $5 a5 24. Rd1 $11) 23... Nd5 {[%emt 0:00:00] The position is equal.} 24. Rd4 f5 25. Nd6 a5 26. Ra4 Rfb8 27. Nc4 Rb5 28. Ne5 Nf6 29. Kf3 Kf8 30. Rd4 Ke7 31. Nd3 Nd5 32. Ra4 Rg8 {[%emt 0:00:00] Weighted Error Value: White=0.05 (flawless) /Black=0.05 (flawless)} 1/2-1/2